 Dungeon Crawl Stone Soup version 0.26-a0-712-ga5a9c9c9d0 (webtiles) character file.

Game seed: 11227360701654706680

23897 tzalcoatl the Nimble (level 13, -3/108 HPs)
             Began as a Merfolk Monk on Oct 31, 2020.
             Was a High Priest of Fedhas.
             Slain by a death yak (23 damage)
             ... on level 3 of the Lair of Beasts.
             The game lasted 02:35:39 (16884 turns).

tzalcoatl the Nimble (Merfolk Monk)                Turns: 16884, Time: 02:35:39

Health: -3/108     AC: 12    Str: 15    XL:     13   Next: 9%
Magic:  8/19       EV: 25    Int: 11    God:    Fedhas [*****.]
Gold:   848        SH:  7    Dex: 16    Spells: 12/20 levels left

rFire    . . .     SeeInvis .   b - +10 hand axe "Qaprin" {vorpal, rN+}
rCold    . . .     Faith    +   M - +1 buckler
rNeg     + . .     Spirit   .   w - +0 troll leather armour
rPois    .         Reflect  .   G - +2 hat {MR+}
rElec    .         Harm     .   A - +0 cloak
rCorr    .         Rampage  .   (no gloves)
MR       +....                  n - +0 pair of boots
Stlth    +++.......             e - amulet of faith
HPRegen  0.68/turn              c - +4 ring of evasion
MPRegen  0.16/turn              q - +4 ring of protection

@: no status effects
A: change form in water, swift swim, stealthy swim, blurry vision 1, wild magic
1
a: Wall of Briars, Grow Ballistomycete, Overgrow, Grow Oklob, Renounce Religion


You were on level 3 of the Lair of Beasts.
You worshipped Fedhas.
Fedhas was extremely pleased with you.
You visited 3 branches of the dungeon, and saw 15 of its levels.

You collected 848 gold pieces.

Inventory:

Hand Weapons
 a - a +1 spear
 b - the +10 hand axe "Qaprin" (weapon) {vorpal, rN+}
   (You found it on level 5 of the Dungeon)

   It inflicts extra damage upon your enemies.
   It protects you from negative energy.
Missiles
 f - 5 boomerangs (quivered)
Armour
 k - a +1 plate armour of fire resistance
 n - a +0 pair of boots (worn)
 w - a +0 troll leather armour (worn)
 A - a +0 cloak (worn)
 D - a +0 scale mail
 G - a +2 hat of magic resistance (worn)
 M - a +1 buckler (worn)
Jewellery
 c - a +4 ring of evasion (left hand)
 e - an amulet of faith (around neck)
 h - an uncursed ring of protection from magic
 q - a +4 ring of protection (right hand)
 v - an uncursed ring of stealth
Wands
 i - a wand of paralysis (15)
 s - a wand of acid (12)
 y - a wand of digging (7)
 E - a wand of flame (47)
 K - a wand of iceblast (13)
Scrolls
 d - 2 scrolls of noise {unknown}
 g - 7 scrolls of teleportation
 j - a scroll of enchant weapon
 m - a scroll of immolation
 o - 7 scrolls of remove curse
 r - 7 scrolls of magic mapping
 x - 2 scrolls of summoning {unknown}
 z - a scroll of blinking {unknown}
 F - a scroll of fog {unknown}
 H - a scroll of vulnerability {unknown}
 O - a scroll of fear
Potions
 l - 2 potions of stabbing
 p - 5 potions of brilliance
 t - 3 potions of lignification
 u - 6 potions of flight
 I - a potion of cancellation
 J - 2 potions of berserk rage
 L - 2 potions of mutation
 P - a potion of magic


   Skills:
 + Level 12.0 Fighting
 - Level 3.2(5.0) Axes
 - Level 10.1(10.7) Polearms
 - Level 3.0 Armour
 * Level 13.2 Dodging
 + Level 7.2 Stealth
 + Level 6.0 Shields
 - Level 4.0 Spellcasting
 - Level 6.0 Summonings
 - Level 3.0 Air Magic
 - Level 7.0 Invocations


You had 12 spell levels left.
You knew the following spells:

 Your Spells              Type           Power        Failure   Level
a - Swiftness             Air            ##......     19%         2
b - Call Imp              Summ           ###.....     6%          2
c - Slow                  Hex            #.......     50%         2
d - Blink                 Tloc           N/A          50%         2

Your spell library contained the following spells:

 Spells                   Type           Power        Failure   Level
 Shock                    Conj/Air       #...         22%         1
 Foxfire                  Conj/Fire      #...         36%         1
 Magic Dart               Conj           #...         36%         1
 Static Discharge         Conj/Air       #.......     52%         3
 Mephitic Cloud           Conj/Pois/Air  #.......     58%         3
 Airstrike                Air            ##........   71%         4
 Conjure Flame            Conj/Fire      #.......     73%         3
 Inner Flame              Hex/Fire       #.......     73%         3
 Sticky Flame             Conj/Fire      #.......     98%         4
 Lightning Bolt           Conj/Air       #.........   99%         5
 Fireball                 Conj/Fire      #.........   100%        5


Dungeon Overview and Level Annotations

Branches:
Dungeon (11/15)            Temple (1/1) D:4            Lair (3/6) D:11
  Snake (0/4) Lair:2          Orc (0/2) D:10
  Swamp: Lair:2-4    Shoals: Lair:2-4

Altars:
Ashenzari
Cheibriados
Dithmenos
Elyvilon
Fedhas
Gozag
Hepliaklqana
Kikubaaqudgha
Makhleb
Nemelex Xobeh
Okawaru
Qazlal
Ru
Sif Muna
Trog
Uskayaw
Vehumet
Wu Jian
Xom
Yredelemnul
Zin
The Shining One

Annotations:
D:10 2 runed translucent doors


Innate Abilities, Weirdness & Mutations

You revert to your normal form in water.
You are very nimble and swift while swimming.
You are very stealthy in the water. (Stealth+)
Scrolls take you a little longer to read.
Your spells are a little harder to cast, but a little more powerful.


Message History

Your wandering mushroom is destroyed!
The death yak gores your oklob plant! The death yak gores your oklob plant.
Evoke which item? (* to show all) (? for menu, Esc to quit)
Press: ? - help, Shift-Dir - straight line A rock wall.
The rock shatters into small pieces.
The death yak gores your oklob sapling! The death yak gores your oklob plant!
The death yak gores your oklob plant.
Your oklob plant spits acid at the death yak.
The splash of acid hits the death yak!
The death yak is splashed with acid.
A briar patch grows up from the ground.
The death yak completely misses you. The death yak gores your oklob plant.
The death yak completely misses your oklob sapling.
The death yak gores your oklob plant but does no damage.
Your oklob plant spits acid at the death yak.
The splash of acid hits the death yak.
The death yak is splashed with acid.
You walk carefully through the plants.
The death yak gores your oklob plant!
The death yak gores your oklob sapling!!
The death yak gores your oklob plant. The death yak gores you!!
You die...
Fedhas appreciates your contribution to the ecosystem.

#.. #.....#
....P##.....#####
#.....#.......##.#
.............###.#
..............##.#
#............###.#
.....#.#......##.#
..............##.#
..............##@#
.............YPPY#
.............YYY##
...............##
..............##
...............#
#P###.##.....###
### ####P....#
##....#


You could see 5 death yaks, a friendly oklob plant (summoned) and a friendly
oklob sapling (summoned).

Vanquished Creatures
  A boulder beetle (D:11)
  A centaur warrior (D:10)
  2 dancing weapons (D:8)
  2 two-headed ogres (D:10)
  An unseen horror (D:10)
  A cyclops (D:11)
  A manticore (D:10)
  An ugly thing (D:10)
  Maurice (D:8)
  4 black mambas
  2 cane toads
  5 komodo dragons
  A kobold demonologist (D:7)
  Grinder (D:3)
  3 trolls
  8 blink frogs (Lair:2)
  3 wyverns
  A wraith (D:10)
  41 yaks
  A basilisk (Lair:2)
  Edmund (D:5)
  7 water moccasins
  2 black bears
  3 orc warriors
  A sky beast (D:8)
  6 ogres
  3 phantoms
  2 necrophages
  9 centaurs
  2 big kobolds
  14 bullfrogs
  4 scorpions
  5 killer bees (D:8)
  8 wights
  2 electric eels (Lair:1)
  6 bullfrog zombies
  A centaur zombie (D:5)
  A quasit (D:10)
  2 hounds
  A gnoll shaman (D:7)
  A jelly (D:5)
  4 orc priests
  A bullfrog skeleton (D:10)
  9 orc wizards
  A centaur skeleton (D:11)
  Jessica (D:3)
  2 iguanas
  7 worker ants
  3 hound zombies
  A hound skeleton (D:5)
  Robin (D:3)
  3 worker ant zombies
  16 gnolls
  23 adders
  A shadow imp (D:7)
  4 white imps
  5 ufetubi
  2 oozes
  An adder zombie (D:7)
  2 adder skeletons
  2 worms (D:3)
  A dart slug (D:3)
  5 leopard geckos
  28 orcs
  3 ball pythons
  5 giant cockroaches
  11 goblins
  9 hobgoblins
  13 jackals
  13 kobolds
  7 quokkas
  5 bats
  9 frilled lizards
  A jackal skeleton (D:5)
  A leopard gecko skeleton (D:4)
  A leopard gecko zombie (D:7)
  A quokka zombie (D:8)
  7 rats
371 creatures vanquished.

Vanquished Creatures (others)
  An orc wizard (D:11)
  A bush (Lair:3)
  17 fungi (Lair:3)
  52 plants
  A withered plant (D:5)
72 creatures vanquished.

Grand Total: 443 creatures vanquished

Notes
Turn   | Place    | Note
-------+----------+-------------------------------------------
     0 | D:1      | tzalcoatl the Merfolk Monk began the quest for the Orb.
     0 | D:1      | Reached XP level 1. HP: 18/18 MP: 1/1
   139 | D:1      | Reached XP level 2. HP: 23/24 MP: 2/2
   397 | D:1      | Reached skill level 5 in Polearms
   745 | D:1      | Reached XP level 3. HP: 29/29 MP: 3/3
   971 | D:2      | Noticed a phantom
  1035 | D:2      | Killed a phantom
  1035 | D:2      | Reached XP level 4. HP: 31/37 MP: 4/4
  1197 | D:2      | Reached XP level 5. HP: 42/42 MP: 5/5
  1771 | D:2      | Found a stormy altar of Qazlal.
  1774 | D:2      | Found a shimmering blue altar of Sif Muna.
  1777 | D:2      | Found a burning altar of Makhleb.
  1780 | D:2      | Found a shadowy altar of Dithmenos.
  2127 | D:3      | Reached skill level 5 in Dodging
  2286 | D:3      | Reached XP level 6. HP: 49/49 MP: 6/6
  2434 | D:3      | Noticed Robin
  2454 | D:3      | Killed Robin
  2689 | D:3      | Found an iron altar of Okawaru.
  2689 | D:3      | Found a bloodstained altar of Trog.
  2824 | D:3      | Noticed Grinder
  2984 | D:4      | Found a staircase to the Ecumenical Temple.
  2993 | Temple   | Entered the Ecumenical Temple
  3151 | Temple   | Became a worshipper of Fedhas Madash
  3151 | Temple   | Reached * piety under Fedhas
  3151 | Temple   | Reached ** piety under Fedhas
  3361 | D:4      | Found a glowing golden altar of the Shining One.
  3516 | D:4      | Found a white marble altar of Elyvilon.
  3529 | D:4      | Reached skill level 1 in Invocations
  3585 | D:4      | Reached XP level 7. HP: 47/55 MP: 7/7
  3811 | D:4      | Found an opulent altar of Gozag.
  4027 | D:3      | Noticed Jessica
  4034 | D:3      | Killed Jessica
  4041 | D:3      | Reached skill level 6 in Dodging
  4465 | D:3      | Paralysed by Grinder for 2 turns
  4469 | D:3      | Killed Grinder
  4659 | D:5      | Entered Level 5 of the Dungeon
  4667 | D:5      | Reached skill level 5 in Stealth
  4716 | D:5      | Reached XP level 8. HP: 41/61 MP: 8/10
  4823 | D:5      | Noticed Edmund
  4835 | D:5      | Killed Edmund
  5037 | D:5      | Reached *** piety under Fedhas
  5120 | D:5      | Got an encrusted hand axe
  5121 | D:5      | Identified the +10 hand axe "Qaprin" {vorpal, rN+} (You
                  | found it on level 5 of the Dungeon)
  5132 | D:5      | Reached skill level 7 in Dodging
  5293 | D:5      | Reached skill level 10 in Polearms
  5426 | D:5      | Found a burning altar of Makhleb.
  5426 | D:5      | Noticed a blizzard demon
  6466 | D:6      | Reached skill level 5 in Fighting
  6466 | D:6      | Reached skill level 8 in Dodging
  6468 | D:6      | Reached XP level 9. HP: 53/68 MP: 12/12
  6479 | D:6      | Learned a level 2 spell: Swiftness
  6480 | D:6      | Reached skill level 1 in Armour
  7743 | D:6      | Found an ornate altar of the Wu Jian Council.
  7988 | D:6      | Found a glowing golden altar of the Shining One.
  8048 | D:7      | You fall into a shaft and drop 1 floor!
  8049 | D:8      | Reached **** piety under Fedhas
  8257 | D:8      | Reached skill level 9 in Dodging
  8432 | D:8      | Reached skill level 5 in Invocations
  8465 | D:8      | Noticed Maurice
  8478 | D:8      | Killed Maurice
  8624 | D:8      | Noticed a +0 dagger
  8624 | D:8      | Noticed a +0 dagger
  8625 | D:8      | Found a hide-covered altar of Uskayaw.
  8981 | D:8      | Found a glowing silver altar of Zin.
  9084 | D:7      | Reached skill level 10 in Dodging
  9284 | D:7      | Noticed a kobold demonologist
  9294 | D:7      | Reached XP level 10. HP: 76/76 MP: 14/14
  9393 | D:7      | Gained mutation: Your spells are a little harder to cast,
                  | but a little more powerful. [a neqoxec]
  9394 | D:7      | Gained mutation: Scrolls take you a little longer to read.
                  | [a neqoxec]
  9396 | D:7      | Killed a kobold demonologist
 10181 | D:9      | Reached skill level 11 in Dodging
 10481 | D:9      | Reached skill level 1 in Shields
 10775 | D:10     | Entered Level 10 of the Dungeon
 10838 | D:10     | Noticed a two-headed ogre
 10855 | D:10     | Killed a two-headed ogre
 11158 | D:8      | Killed a +0 dagger
 11159 | D:8      | Killed a +0 dagger
 11159 | D:8      | Reached skill level 12 in Dodging
 11253 | D:10     | Noticed a manticore
 11290 | D:10     | Killed a manticore
 11290 | D:10     | Reached XP level 11. HP: 50/86 MP: 13/16
 11453 | D:9      | Learned a level 2 spell: Call Imp
 11456 | D:9      | Learned a level 2 spell: Slow
 11459 | D:9      | Learned a level 2 spell: Blink
 11494 | D:10     | Found a large runed translucent door.
 11495 | D:10     | Found a large runed translucent door.
 11538 | D:10     | Killed an unseen horror
 11538 | D:10     | Reached skill level 1 in Spellcasting
 11538 | D:10     | Reached skill level 1 in Summonings
 11684 | D:10     | Found a sparkling altar of Nemelex Xobeh.
 11745 | D:10     | Found a staircase to the Orcish Mines.
 12633 | D:10     | Found a large runed translucent door.
 12634 | D:10     | Found a large runed translucent door.
 12638 | D:10     | Noticed a centaur warrior
 12639 | D:10     | Noticed a green ugly thing
 12794 | D:10     | Noticed a two-headed ogre
 12807 | D:10     | Killed a two-headed ogre
 12807 | D:10     | Reached skill level 10 in Fighting
 13269 | D:10     | Killed a green ugly thing
 13271 | D:10     | Killed a centaur warrior
 13685 | D:11     | Noticed a cyclops
 13718 | D:11     | Killed a cyclops
 13789 | D:11     | Noticed a boulder beetle
 13797 | D:11     | Found an iron altar of Okawaru.
 13833 | D:11     | Killed a boulder beetle
 13833 | D:11     | Reached XP level 12. HP: 72/100 MP: 9/18
 14011 | D:11     | Reached ***** piety under Fedhas
 14055 | D:11     | Found an opulent altar of Gozag.
 14328 | D:11     | Found a staircase to the Lair.
 14605 | Lair:1   | Entered Level 1 of the Lair of Beasts
 14673 | Lair:1   | Reached skill level 1 in Air Magic
 14888 | Lair:1   | Reached skill level 1 in Axes
 15303 | Lair:2   | Reached skill level 5 in Shields
 15464 | Lair:2   | Found a staircase to the Snake Pit.
 15805 | Lair:2   | Reached skill level 5 in Summonings
 16292 | Lair:3   | Reached skill level 13 in Dodging
 16459 | Lair:2   | Reached XP level 13. HP: 99/108 MP: 19/19
 16479 | Lair:2   | Reached ****** piety under Fedhas
 16884 | Lair:3   | Slain by a death yak

Illustrated notes

Levels and vault maps discovered:
D:1:      eino_arrival_druids_welcome, layout_basic, minmay_cupped
D:2:      layout_basic, grunt_temple_overflow_cloverleaf
D:3:      minmay_angry_zag, layout_basic, gammafunk_temple_overflow_elements,
          uniq_grinder, uniq_jessica, uniq_robin
D:4:      layout_basic, kennysheep_mini_moat, elyvilon_altar_1,
          nicolae_overflow_crystal_walls, minmay_temple_entry_grid
D:5:      layout_basic, serial_undead, serial_undead_b, serial_undead_e,
          serial_undead_e, serial_undead_e, makhleb_altar_promises_db,
          uniq_edmund
D:6:      layout_rooms, overflow_temple_1_default, tso_altar
D:7:      layout_loops_corners, minmay_shattered_shrine
D:8:      layout_rooms, marbit_many_paths, dancing_weapons_uskayaw, uniq_maurice
D:9:      layout_cave_pools
D:10:     layout_loops_ring, orc_0_dummy, basic_altar, minmay_misc_feat_roman,
          minmay_hollow_rounded_squares
D:11:     layout_basic, david_lair_shrubbed, basic_altar, grunt_gozag_statues
Temple:   dpeg_chambers_temple
Lair:1:   layout_hall_layers, serial_bayou, serial_bayou_pond_b,
          serial_bayou_shore_a, serial_bayou_shore_b, serial_bayou_pond_e,
          serial_bayou_lake_a, serial_bayou_shore_b,
          eino_small_chamber_without_monster, grunt_megastairs_4
Lair:2:   layout_cellular_growth, dummy_snake_entry, serial_bayou_shore_b
Lair:3:   minmay_lair_venomous_thicket, layout_gridlike

Skill      XL: |  1  2  3  4  5  6  7  8  9 10 11 12 13 |
---------------+----------------------------------------+-----
Polearms       | 5 6 7 9 10 | 10.1
Fighting       | 4 5 6 8 11 12 | 12.0
Stealth        | 3 4 5 6 7 |  7.2
Dodging        | 5 6 8 10 12 13 | 13.2
Invocations    | 1 2 4 5 7 |  7.0
Armour         | 3 |  3.0
Shields        | 4 5 6 |  6.0
Spellcasting   | 4 |  4.0
Summonings     | 4 5 6 |  6.0
Air Magic      | 3 |  3.0
Axes           | 3 |  3.2

Action                   |  1- 3 |  4- 6 |  7- 9 | 10-12 | 13-15 || total
-------------------------+-------+-------+-------+-------+-------++-------
Melee: Spear             |    76 |    17 |    76 |    12 |       ||   181
       Dagger            |    36 |   190 |   304 |       |       ||   530
       Hand axe          |       |       |    43 |   645 |    57 ||   745
       Halberd           |       |       |     4 |       |       ||     4
       Tailslap          |       |       |       |     2 |       ||     2
Throw: Boomerang         |    15 |    22 |    13 |    44 |    17 ||   111
       Throwing net      |       |       |       |     2 |       ||     2
 Cast: Call Imp          |       |       |       |     5 |       ||     5
Invok: Wall of Briars    |       |       |     1 |     3 |     1 ||     5
       Overgrow          |       |       |       |     1 |     1 ||     2
Evoke: Wand              |       |       |     3 |    10 |     2 ||    15
  Use: Potion            |     1 |     1 |       |    11 |       ||    13
       Scroll            |       |     4 |     9 |    12 |       ||    25
 Stab: Sleeping          |     2 |     6 |     9 |    18 |       ||    35
       Distracted        |       |       |     2 |     3 |       ||     5
       Paralysed         |       |       |       |     2 |       ||     2
Armor: Robe              |     5 |       |       |       |       ||     5
       Ring mail         |    18 |    38 |    58 |       |       ||   114
       Scale mail        |       |       |    64 |   136 |       ||   200
       Troll leather arm |       |       |       |    46 |     4 ||    50
Dodge: Dodged            |    53 |   118 |   330 |   612 |    51 ||  1164
Block: Buckler           |       |       |       |   190 |    17 ||   207

Table legend: (Time is in decaauts)
 A = Elapsed time spent in this place.
 B = Non-inter-level travel time spent in this place.
 C = Inter-level travel time spent in this place.
 D = Time resting spent in this place.
 E = Time spent auto-exploring this place.
 F = Levels seen in this place.
 G = Mean time per level.
                   A        B        C        D        E       F      G
               +--------+--------+--------+--------+--------+-----+--------+
         Total |  16888 |  16019 |    869 |   3279 |   8708 |  15 | 1125.9 |
       Dungeon |  14331 |  13623 |    708 |   3003 |   7129 |  11 | 1302.8 |
        Temple |    289 |    200 |     89 |      0 |    172 |   1 |  289.0 |
          Lair |   2267 |   2195 |     72 |    276 |   1407 |   3 |  755.7 |
               +--------+--------+--------+--------+--------+-----+--------+

Top non-repeatable levels by time:
     D:5: 2673 daAuts
    D:10: 2174 daAuts
     D:3: 1543 daAuts
  Lair:2: 1384 daAuts
     D:9: 1238 daAuts
     D:2: 1181 daAuts
     D:7: 1124 daAuts
     D:8: 1084 daAuts
    D:11: 989 daAuts
     D:1: 905 daAuts
     D:4: 778 daAuts
     D:6: 639 daAuts
  Lair:1: 585 daAuts
  Lair:3: 297 daAuts
  Temple: 289 daAuts
